 Dungeon Crawl Stone Soup version 0.27-a0-1202-ge72e49191c (webtiles) character file.

Game seed: 11272038995933246167

14 hatdisgam the Gusty (level 2, -2/21 HPs)
             Began as a Formicid Air Elementalist on June 4, 2021.
             Slain by a gnoll
             ... wielding a +0 halberd
              (7 damage)
             ... on level 1 of the Dungeon.
             The game lasted 00:02:33 (1216 turns).

hatdisgam the Gusty (Formicid Air Elementalist)     Turns: 1216, Time: 00:02:33

Health: -2/21      AC:  5    Str: 12    XL:     2   Next: 55%
Magic:  5/5        EV: 10    Int: 14    God:
Gold:   50         SH:  0    Dex: 11    Spells: 4/5 levels left

rFire    . . .     SeeInvis +   a - +3 dagger
rCold    . . .     Faith    .   (no shield)
rNeg     . . .     Spirit   .   h - +0 ring mail
rPois    .         Reflect  .   (helmet unavailable)
rElec    .         Harm     .   (no cloak)
rCorr    .         Rampage  .   (no gloves)
Will     .....                  (no boots)
Stlth    +.........             (no amulet)
HPRegen  0.07/turn              (no ring)
MPRegen  0.09/turn              (no ring)

@: no status effects
A: permanent stasis, dig shafts and tunnels, antennae 3, four strong arms
a: Dig, Shaft Self


You were on level 1 of the Dungeon.
You visited 1 branch of the dungeon, and saw 2 of its levels.

You collected 50 gold pieces.

Inventory:

Hand Weapons
 a - a +3 dagger (weapon)
Armour
 c - a +0 robe
 e - a +0 helmet
 h - a +0 ring mail (worn)
Magical Staves
 b - a staff of conjuration
Potions
 d - a potion of attraction {unknown}
 f - a potion of flight {unknown}
 g - a potion of lignification {unknown}


   Skills:
 - Level 1.0 Fighting
 - Level 1.7 Dodging
 - Level 2.4 Stealth
 + Level 2.2 Spellcasting
 * Level 1.3 Conjurations
 * Level 2.6 Air Magic


You had 4 spell levels left.
You knew the following spells:

 Your Spells              Type           Power      Damage    Failure   Level
a - Shock                 Conj/Air       28%        1d4       24%         1

Your spell library contained the following spells:

 Spells                   Type           Power      Damage    Failure   Level
 Static Discharge         Conj/Air       7%         N/A       34%         2
 Airstrike                Air            4%         N/A       87%         4
 Lightning Bolt           Conj/Air       3%         1d15      100%        5
 Swiftness                Air            Unusable   N/A       N/A         3

Dungeon Overview and Level Annotations

Branches:
Dungeon (2/15)

Altars:


Innate Abilities, Weirdness & Mutations

You cannot be hasted, slowed, berserked, paralysed or teleported.
You can dig through walls and to a lower floor.
You have a pair of large antennae on your head. (SInv)
Your four strong arms can wield two-handed weapons with a shield.


Message History

Unknown command.
The bat hits you.
You hit the bat.
The bat is severely wounded.
The bat hits you but does no damage. The bat hits you.
You hit the bat.
You kill the bat!
No target in view!
You sense a monster nearby.
A hobgoblin comes into view.
A hobgoblin is nearby!
The hobgoblin closely misses you.
Found 19 bolts.
You completely miss the hobgoblin.
The hobgoblin hits you but does no damage.
You barely miss the hobgoblin. The hobgoblin closely misses you.
You hit the hobgoblin.
The hobgoblin is heavily wounded.
The hobgoblin closely misses you.
You barely miss the hobgoblin.
The hobgoblin is heavily wounded.
The hobgoblin hits you.
You hit the hobgoblin.
You kill the hobgoblin!
No target in view!
HP restored.
A gnoll comes into view. It is wielding a +0 halberd.
The gnoll shouts!
You hear a shout! x2
There is a stone staircase leading up here.
There is a stone staircase leading up here.
The gnoll hits you with a +0 halberd.
You climb upwards.
There is a stone staircase leading down here.
Unknown command.
You barely miss the gnoll. The gnoll hits you with a +0 halberd!
Ouch! That really hurt!
* * * LOW HITPOINT WARNING * * *
The gnoll hits you from afar with a +0 halberd!
You die...

.......###...## #.+.'.#
..............###.###.###
.....##..##.###.'#'.+#'.#
#........##.###.###.###.###
#...#..#..#.#.'#+.+#+.+#'.#
......###.#.#.###.###.###.#
..........................#
...##.###.##.........######
.#.##...#.##....@>g...#
...####.#.##..........#
.................[....#
###.###.#..#..........#
###.###....#..........#
#............##########
..#.#.###......#
..#.#...#.#....#
###.###.#......#


You could see a gnoll.

Vanquished Creatures
  2 bats
  An endoplasm (D:1)
  A goblin (D:1)
  2 hobgoblins
  2 kobolds (D:1)
  A quokka (D:1)
  A ball python (D:1)
  3 frilled lizards (D:1)
13 creatures vanquished.

Notes
Turn   | Place    | Note
-------+----------+-------------------------------------------
     0 | D:1      | hatdisgam the Formicid Air Elementalist began the quest for
                  | the Orb.
     0 | D:1      | Reached XP level 1. HP: 13/13 MP: 3/3
   142 | D:1      | Reached skill level 1 in Conjurations
   664 | D:1      | Reached XP level 2. HP: 17/20 MP: 5/5
   719 | D:1      | Found a faded altar of an unknown god.
   893 | D:1      | Reached skill level 1 in Fighting
  1216 | D:1      | Slain by a gnoll

Illustrated notes

Levels and vault maps discovered:
D:1:      erik_arrival_triangle_medium, layout_rooms,
          shapermc_ecumenical_altar_mp_highgroup, grunt_decor_cap,
          minmay_heptomino_h4
D:2:      layout_loops_ring, minmay_surrounded

Skill      XL: |  1  2 |
---------------+-------+-----
Conjurations   | 1 |  1.3
Fighting       | 1 |  1.0
Dodging        | |  1.7
Stealth        | |  2.4
Spellcasting   | |  2.2
Air Magic      | |  2.6

Action                   || total
-------------------------++-------
Melee: Dagger            ||    40
       Unarmed           ||     5
 Cast: Shock             ||     9
Armor: Ring mail         ||    25
       Robe              ||     1
Dodge: Dodged            ||    37

Table legend: (Time is in decaauts)
 A = Elapsed time spent in this place.
 B = Non-inter-level travel time spent in this place.
 C = Inter-level travel time spent in this place.
 D = Time resting spent in this place.
 E = Time spent auto-exploring this place.
 F = Levels seen in this place.
 G = Mean time per level.
                   A        B        C        D        E       F      G
               +--------+--------+--------+--------+--------+-----+--------+
         Total |   1216 |   1110 |    106 |    177 |    707 |   2 |  608.0 |
       Dungeon |   1216 |   1110 |    106 |    177 |    707 |   2 |  608.0 |
               +--------+--------+--------+--------+--------+-----+--------+

Top non-repeatable levels by time:
     D:1: 1152 daAuts
     D:2: 63 daAuts
